 Dungeon Crawl Stone Soup version 0.31.0-1-g2c135a0 (webtiles) character file.

Game seed: 14994651296458899273

30 bonegar the Sneak (level 3, -4/28 HPs)
             Began as a Naga Enchanter on Feb 18, 2024.
             Slain by a gnoll
             ... wielding a +0 flail
              (9 damage)
             ... on level 2 of the Dungeon.
             The game lasted 00:04:43 (763 turns).

bonegar the Sneak (Naga Enchanter)                   Turns: 763, Time: 00:04:44

Health: -4/28      AC:  2    Str: 10    XL:     3   Next: 20%
Magic:  6/6        EV: 10    Int: 15    God:
Gold:   83         SH:  0    Dex: 13    Spells: 1/6 levels left

rFire   . . .        i - +2 dagger (speed)
rCold   . . .        (no shield)
rNeg    . . .        b - +0 robe
rPois   +            (no helmet)
rElec   .            (no cloak)
rCorr   .            (no gloves)
SInv    +            (no barding)
Will    .....        (no amulet)
Stlth   +++          (no ring)
HPRegen 0.24/turn    (no ring)
MPRegen 0.10/turn

%: no passive effects
@: very slow
A: AC +1, large, see invisible, deformed body, poison resistance, slowness 2,
spit poison 1, naga tail 1
a: Spit Poison


You were on level 2 of the Dungeon.
You visited 1 branch of the dungeon, and saw 2 of its levels.

You collected 83 gold pieces.

Inventory:

Hand Weapons
 a - a +1 dagger
 f - a +2 dagger of protection
 i - a +2 dagger of speed (weapon)
Armour
 b - a +0 robe (worn)
Jewellery
 k - an amulet of magic regeneration
Scrolls
 d - a scroll of revelation {unknown}
 g - 2 scrolls of teleportation {unknown}
 h - a scroll of immolation {unknown}
 j - a scroll of torment {unknown}
 l - a scroll of identify {unknown}
Potions
 c - 2 potions of invisibility
 e - a potion of heal wounds {unknown}


   Skills:
 + Level 1.4 Short Blades
 + Level 1.8 Dodging
 + Level 4.8 Stealth
 + Level 2.2 Spellcasting
 * Level 3.5 Hexes


You had one spell level left.
You knew the following spells:

 Your Spells              Type           Power      Damage    Failure   Level
a - Ensorcelled Hibernat  Hex/Ice        12%        N/A       16%         2
b - Confusing Touch       Hex            12%        N/A       16%         3

Your spell library contained the following spells:

 Spells                   Type           Power      Damage    Failure   Level
 Tukima's Dance           Hex            12%        N/A       16%         3
 Dazzling Flash           Conj/Hex       12%        N/A       32%         3


Dungeon Overview and Level Annotations

Branches:
Dungeon (2/15)

Altars:

Shops:
D:1 =


Innate Abilities, Weirdness & Mutations

Your serpentine skin is tough. (AC +1)
You have supernaturally acute eyesight. (SInv)
Armour fits poorly on your strangely shaped body.
Your system is resistant to poisons. (rPois)
You cover ground very slowly.
You can spit poison.
You have a snake-like lower body.


Message History

j - a scroll labelled KUEMYCZEEZ
There are no items here.
Found 11 gold pieces.
You hit the quokka.
The quokka is heavily wounded.
The quokka bites you.
You barely miss the quokka.
The quokka is heavily wounded.
You hit the quokka but do no damage.
The quokka is heavily wounded.
The quokka bites you.
You hit the quokka.
You kill the quokka!
Found 12 gold pieces.
You see here a quokka corpse.
k - an amulet of magic regeneration
There are no items here.
l - a scroll labelled BEIHUH POCVA
There are no items here.
You now have 72 gold pieces (gained 12).
You see here a beast talisman.
You now have 83 gold pieces (gained 11).
You see here a quokka corpse.
Done exploring.
Done exploring.
There is a stone staircase leading down here.
You climb downwards.
Found a dagger.
There is a stone staircase leading up here.
The gnoll shouts! x3
The endoplasm quivers.
The gnoll hits you with a +0 spear! The gnoll hits you with a +0 flail!
Ouch! That really hurt!
* * * LOW HITPOINT WARNING * * *
There is a stone staircase leading up here.
The endoplasm freezes you.
You are frozen.
* * * LOW HITPOINT WARNING * * *
The gnoll barely misses you. The gnoll hits you with a +0 flail!
You die...

###############
..............#
..............#
..............#
........g.....#
......J@g.g...#
....)##.g####...
... .....# .
...#.#...
#..##....#. #..
##.... .. ...
.##.. . .. ##
#..


You could see 4 gnolls and an endoplasm.

Vanquished Creatures
  4 dart slugs (D:1)
  4 endoplasms (D:1)
  2 giant cockroaches (D:1)
  2 goblins (D:1)
  2 quokkas (D:1)
  2 ball pythons (D:1)
  A bat (D:1)
  2 frilled lizards (D:1)
  2 rats (D:1)
21 creatures vanquished.

Notes
Turn   | Place    | Note
-------+----------+-------------------------------------------
     0 | D:1      | bonegar the Naga Enchanter began the quest for the Orb.
     0 | D:1      | Reached XP level 1. HP: 15/15 MP: 3/3
   126 | D:1      | Reached XP level 2. HP: 22/22 MP: 5/5
   129 | D:1      | Learned a level 2 spell: Ensorcelled Hibernation
   149 | D:1      | Found Adediw's Jewellery Boutique.
   478 | D:1      | Reached XP level 3. HP: 23/28 MP: 6/6
   494 | D:1      | Learned a level 3 spell: Confusing Touch
   763 | D:2      | Slain by a gnoll

Illustrated notes

Levels and vault maps discovered:
D:1:      minmay_arrival_shoal_huts, layout_basic, serial_shops,
          nicolae_shop_rolling_square, minmay_misc_feat_cross,
          minmay_fountain_box, minmay_octomino_c4
D:2:      layout_rooms, basic_altar

Action                     || total
---------------------------++-------
  Melee: Dagger            ||    63
   Stab: Sleeping          ||     5
 Armour: Robe              ||    27
  Dodge: Dodged            ||    18
